 Dungeon Crawl Stone Soup version 0.30-a0-40-gc6d0f036a7 (webtiles) character file.

Game seed: 9371924847378700671

53 ytrimaz the Insei (level 3, -27/23 HPs)
             Began as an Octopode Transmuter on Aug 29, 2022.
             Annihilated by an ogre
             ... wielding a +0 giant spiked club
              (36 damage)
             ... on level 3 of the Dungeon.
             The game lasted 00:01:47 (1957 turns).

ytrimaz the Insei (Octopode Transmuter)             Turns: 1957, Time: 00:01:48

Health: -27/23     AC:  2    Str: 15    XL:     3   Next: 87%
Magic:  3/6        EV: 23    Int: 17    God:
Gold:   65         SH:  0    Dex: 17    Spells: 0/6 levels left

rFire   . . .      SeeInvis .      - Unarmed
rCold   . . .      Faith    .    (shield currently unavailable)
rNeg    . . .      Spirit   .    (helmet currently unavailable)
rPois   x          Reflect  .    (no amulet)
rElec   .          Harm     .    h - +4 ring of evasion
rCorr   .          Rampage  .    b - +6 ring of strength
Will    .....                    (no ring)
Stlth   ++........               (no ring)
HPRegen 0.07/turn                (no ring)
MPRegen 0.10/turn                (no ring)
                                 (no ring)
                                 (no ring)

@: spider-form
A: venomous fangs, almost no armour, (amphibious), 8 rings, tiny, (camouflage
1), (gelatinous body 1), (nimble swimmer 1), (tentacles)
a: End Transformation


You were on level 3 of the Dungeon.
You were a venomous arachnid creature.
You visited 1 branch of the dungeon, and saw 3 of its levels.

You collected 109 gold pieces.
You spent 44 gold pieces at shops.

Inventory:

Jewellery
 b - a +6 ring of strength (right front leg)
 h - a +4 ring of evasion (left front leg)
Scrolls
 d - a scroll of fear
 f - a scroll of enchant armour
 k - a scroll of enchant weapon
 l - a scroll of vulnerability
Potions
 a - a potion of cancellation {unknown}
 c - a potion of might
 e - a potion of heal wounds
 g - a potion of mutation {unknown}
 i - a potion of haste {unknown}
 j - 3 potions of curing


   Skills:
 - Level 1.0 Fighting
 - Level 2.0 Dodging
 - Level 4.5 Unarmed Combat
 + Level 2.0 Spellcasting
 + Level 2.0 Transmutations
 * Level 0.7 Poison Magic


You couldn't memorise any spells.
You knew the following spells:

 Your Spells              Type           Power      Damage    Failure   Level
a - Beastly Appendage     Tmut           16%        N/A       22%         1
b - Wereblood             Tmut           8%         N/A       30%         2
c - Spider Form           Tmut/Pois      6%         N/A       54%         3

Your spell library contained the following spells:

 Spells                   Type           Power      Damage    Failure   Level
 Ensorcelled Hibernation  Hex/Ice        2%         N/A       50%         2
 Ice Form                 Ice/Tmut       5%         N/A       90%         4
 Anguish                  Hex/Necr       0%         N/A       96%         4


Dungeon Overview and Level Annotations

Branches:
Dungeon (3/15)

Altars:

Shops:
D:2 ?


Innate Abilities, Weirdness & Mutations

You are a venomous arachnid creature.
You have poisonous fangs.
You are tiny and dextrous.
Your spellcasting is less reliable in this form.
Your armour is entirely melded.
You are incapable of wielding weapons or throwing items.
You cannot wear most types of armour.
((You are amphibious.))
You can wear up to eight rings at the same time.
((Your skin changes colour to match your surroundings (Stealth+).))
((Your rubbery body absorbs attacks. (AC +1, EV +1)))
((You are camouflaged when in or above water. (Stealth+)))
((You have tentacles for arms and can constrict up to eight enemies at once.))


Message History

A ball python is nearby!
The ball python hisses angrily.
One of your tentacles grows a vicious spike.
You tentacle-slap the ball python.
You kill the ball python!
No target in view!
No target in view!
Your transformation is almost over.
Magic restored.
You now have 65 gold pieces (gained 8).
Your tentacle spike disappears.
As you open the door, it creaks loudly!
An ogre comes into view. It is wielding a +0 giant spiked club.
The ogre shouts!
Found 4 poisoned darts.
An ogre is nearby!
A goblin comes into view. It is wielding a +0 club.
A frilled lizard comes into view.
There is an open door here.
There are monsters nearby!
Found a ring mail.
The ogre closely misses you.
There are monsters nearby!
An endoplasm comes into view.
There is an open door here.
The goblin shouts!
The frilled lizard hisses angrily.
Casting: Beastly Appendage (safe; 9% risk of failure)
Confirm with . or Enter, or press ? or * to list all spells.
The spell is extremely dangerous to miscast (32% risk of failure)!
Continue anyway?
You turn into a venomous arachnid creature.
The endoplasm quivers.
The ogre hits you with a +0 giant spiked club!
Ouch! That really hurt!
Unknown command.
You hit the ogre but do no damage.
A kobold comes into view. It is wielding a +0 club.
Unknown command.
The ogre attacks as you move away!
The ogre hits you with a +0 giant spiked club!!!
Ouch! That really hurt!
You die...

######### .[.
#.......# ...
#.......# ...
#.....<.# .....
#.......#
##+#.#...
#......s###.......
#.......O.g...#
###########J#.#
#...J.#
....#....(.
.........##.##
..... ##.# K#
...#. .. .. ....
.# .


You could see an ogre, an endoplasm and a goblin.

Vanquished Creatures
  3 gnolls (D:2)
  4 ball pythons
  2 endoplasms
  A giant cockroach (D:2)
  2 goblins
  2 hobgoblins
  2 quokkas
  2 bats (D:2)
  2 frilled lizards
  2 kobolds (D:2)
  5 rats
27 creatures vanquished.

Notes
Turn   | Place    | Note
-------+----------+-------------------------------------------
     0 | D:1      | ytrimaz the Octopode Transmuter began the quest for the
                  | Orb.
     0 | D:1      | Reached XP level 1. HP: 13/13 MP: 3/3
   437 | D:1      | Reached XP level 2. HP: 18/18 MP: 5/5
   602 | D:1      | Found a faded altar of an unknown god.
  1003 | D:2      | Reached skill level 4 in Unarmed Combat
  1003 | D:2      | Reached XP level 3. HP: 19/23 MP: 4/6
  1295 | D:2      | Learned a level 2 spell: Wereblood
  1299 | D:2      | Learned a level 3 spell: Spider Form
  1570 | D:2      | Found Jarughaa's Magic Scroll Shop.
  1578 | D:2      | Bought a scroll of identify for 22 gold pieces
  1578 | D:2      | Bought a scroll of identify for 22 gold pieces
  1948 | D:3      | Noticed an ogre
  1957 | D:3      | Annihilated by an ogre

Illustrated notes

Levels and vault maps discovered:
D:1:      heliophobic_arrival_glass_houses, layout_basic,
          hellmonk_ecumenical_altar_pennies_from_heaven
D:2:      layout_loops_ring, serial_shops, nicolae_shop_waterfront,
          chequers_serial_rivers_micro_a
D:3:      layout_basic, grunt_dithmenos_smoke, gammafunk_ghost_necromancy,
          hex_large, minmay_fractal_squares_5

Skill      XL: |  1  2 |
---------------+-------+-----
Unarmed Combat | 4 |  4.5
Fighting       | |  1.0
Dodging        | |  2.0
Spellcasting   | |  2.0
Transmutations | |  2.0
Poison Magic   | |  0.7

Action                   || total
-------------------------++-------
Melee: Unarmed           ||    49
       Tentacles         ||     5
       Constrict         ||    10
       Kick              ||     6
       Punch             ||     1
 Cast: Beastly Appendage ||    14
       Spider Form       ||     1
  Use: Scroll            ||    10
       Potion            ||     2
 Stab: Sleeping          ||     6
Armor: Skin              ||     8
Dodge: Dodged            ||    64

Table legend: (Time is in decaauts)
 A = Elapsed time spent in this place.
 B = Non-inter-level travel time spent in this place.
 C = Inter-level travel time spent in this place.
 D = Time resting spent in this place.
 E = Time spent auto-exploring this place.
 F = Levels seen in this place.
 G = Mean time per level.
                   A        B        C        D        E       F      G
               +--------+--------+--------+--------+--------+-----+--------+
         Total |   1952 |   1912 |     40 |      0 |   1620 |   3 |  650.7 |
       Dungeon |   1952 |   1912 |     40 |      0 |   1620 |   3 |  650.7 |
               +--------+--------+--------+--------+--------+-----+--------+

Top non-repeatable levels by time:
     D:2: 989 daAuts
     D:1: 933 daAuts
     D:3: 29 daAuts
